 Dungeon Crawl Stone Soup version 0.19-a0-450-g98b348d (webtiles) character file.

233 mopl the Insei (level 5, -3/41 HPs)
             Began as a Mummy Monk on June 1, 2016.
             Slain by a giant frog (8 damage)
             ... in a sewer.
             The game lasted 00:11:54 (5843 turns).

mopl the Insei (Mummy Monk)                         Turns: 5843, Time: 00:11:55

Health: -3/41      AC:  2    Str: 14    XL:     5   Next: 75%
Magic:  5/5        EV: 13    Int:  9    God:
Gold:   128        SH:  0    Dex: 16    Spells: 0 memorised, 4 levels left

rFire  . . .     SeeInvis .       - Unarmed
rCold  . . .     Gourm    .     (no armour)
rNeg   + + +     Faith    .     (no shield)
rPois  ∞         Spirit   .     (no helmet)
rElec  .         Dismiss  .     b - +1 cloak
rCorr  .         Reflect  .     (no gloves)
SustAt .         Harm     .     (no boots)
MR     .....                    (no amulet)
Stlth  ++........               (no ring)
                                c - ring of fire

@: not resistant to hostile enchantments, unstealthy
A: no food or potions, fire vulnerability, cold resistance 1, negative energy
resistance 3, torment resistance, unbreathing
a: no special abilities


You were in a sewer.
You were not hungry.

You visited 1 branch of the dungeon, and saw 3 of its levels.
You also visited: Sewer.

You collected 128 gold pieces.

Inventory:

Armour
 b - a +1 cloak (worn)
Jewellery
 c - a ring of fire (left hand)
Scrolls
 d - a scroll of enchant armour
 e - a scroll of remove curse
 i - a scroll of magic mapping {unknown}


   Skills:
 + Level 3.5 Fighting
 - Level 1.0 Armour
 + Level 2.5 Dodging
 - Level 1.5 Stealth
 * Level 5.4 Unarmed Combat


You had 4 spell levels left.
You didn't know any spells.

Dungeon Overview and Level Annotations

Branches:
Dungeon (3/15)

Altars:
Okawaru

Annotations:
D:2 Terence


Innate Abilities, Weirdness & Mutations

You do not eat or drink.
Your flesh is vulnerable to fire.
You are immune to poison.
Your flesh is cold resistant. (rC+)
You are immune to negative energy. (rN+++)
You are immune to unholy pain and torment.
You can survive without breathing.


Message History

The giant frog closely misses you. The giant frog hits you.
The giant frog barely misses you. The giant frog closely misses you.
The giant frog hits you. The giant frog closely misses you.
The giant frog hits you. The giant frog closely misses you.
The giant frog hits you! The giant frog barely misses you.
The giant frog hits you but does no damage.
The giant frog hits you. The giant frog hits you.
* * * LOW HITPOINT WARNING * * *
The giant frog misses you. The giant frog hits you.
* * * LOW HITPOINT WARNING * * *
The giant frog misses you. The giant frog hits you.
* * * LOW HITPOINT WARNING * * *
The giant frog misses you.
As you read the scroll labeled ZAMALO DUALA, it crumbles to dust.
It is a scroll of recharging.
You aren't carrying any rechargeable items.
The giant frog hits you!
You die...

##....## #.....# ##....#
##....# #.....# ##....##
##################.....#
≈≈≈≈≈≈≈≈≈≈≈≈≈≈≈≈.......#
≈≈≈≈≈≈≈≈≈≈≈≈≈≈≈F@.....##
≈≈≈≈≈≈≈≈≈≈≈≈≈≈≈≈......#
≈≈≈≈≈≈≈≈≈≈≈≈≈≈≈≈≈....##
≈≈≈≈≈≈≈≈≈≈≈≈≈≈≈≈....##
≈≈≈≈≈≈≈≈≈≈≈≈≈≈≈≈≈.###
################### #


You could see a giant frog.

Vanquished Creatures
  9 adders
  3 river rats (Sewer)
  3 oozes
  2 worms
  4 dart slugs
  A giant gecko (D:1)
  An orc (D:3)
  9 ball pythons (Sewer)
  4 giant cockroaches (D:2)
  8 goblins
  9 hobgoblins
  6 jackals (D:2)
  A quokka (D:1)
  4 bats
  9 giant newts
  7 kobolds
  31 rats
111 creatures vanquished.

Notes
Turn   | Place    | Note
--------------------------------------------------------------
     0 | D:1      | mopl the Mummy Monk began the quest for the Orb.
     0 | D:1      | Reached XP level 1. HP: 18/18 MP: 1/1
   156 | D:1      | Reached XP level 2. HP: 17/24 MP: 2/2
  1137 | D:2      | HP: 1/24 [giant cockroach (2)]
  1440 | D:2      | Reached skill level 4 in Unarmed Combat
  1851 | D:2      | Reached XP level 3. HP: 27/29 MP: 3/3
  1929 | D:2      | Noticed Terence
  2509 | D:2      | Found an iron altar of Okawaru.
  2716 | D:1      | Reached XP level 4. HP: 32/35 MP: 4/4
  3624 | D:2      | Reached skill level 5 in Unarmed Combat
  3899 | D:3      | Found a glowing drain.
  3906 | Sewer    | Entered a sewer
  4218 | Sewer    | Reached XP level 5. HP: 36/41 MP: 5/5
  4810 | Sewer    | Reached skill level 1 in Armour
  5843 | Sewer    | Slain by a giant frog

Vault maps used:
D:1:      minmay_arrival_cross
D:2:      okawaru_metal_pillars_1_2, first_bread, uniq_terence
D:3:      kennysheep_big_flooded_room, evilmike_ruin_ashenzari,
          lightli_sewer_entry_pipes
Sewer:    sewer_minmay_w

Skill      XL: |  1  2  3  4  5 |
---------------+----------------+-----
Unarmed Combat | 4 5 |  5.4
Armour         | 1 |  1.0
Fighting       | |  3.5
Dodging        | |  2.5
Stealth        | |  1.5

Action                   |  1- 3 |  4- 6 || total
-------------------------+-------+-------++-------
Melee: Unarmed           |   184 |   231 ||   415
       Punch             |     5 |     6 ||    11
  Use: Scroll            |       |     5 ||     5
 Stab: Sleeping          |     2 |     1 ||     3
       Distracted        |       |     1 ||     1
Armor: Skin              |     8 |    36 ||    44
Dodge: Dodged            |    96 |   194 ||   290
